 Dungeon Crawl Stone Soup version 0.28.0 (webtiles) character file.

Game seed: 11605557529776149078

180 Ayyar the Slasher (level 5, 0/47 HPs)
             Began as a Minotaur Berserker on Apr 21, 2022.
             Was a Believer of Trog.
             Succumbed to a scorpion's poison
             ... on level 4 of the Dungeon.
             The game lasted 00:05:34 (2798 turns).

Ayyar the Slasher (Minotaur Berserker)              Turns: 2798, Time: 00:05:34

Health: 0/47       AC:  5    Str: 24    XL:     5   Next: 33%
Magic:  4/4        EV: 11    Int:  4    God:    Trog [**....]
Gold:   166        SH:  0    Dex:  9    Spells: 4/4 levels left

rFire   . . .      SeeInvis .   a - +0 falchion
rCold   . . .      Faith    .   (no shield)
rNeg    . . .      Spirit   .   c - +0 ring mail
rPois   .          Reflect  .   (helmet restricted)
rElec   .          Harm     .   (no cloak)
rCorr   .          Rampage  .   (no gloves)
Will    .....                   (no boots)
Stlth   ..........              (no amulet)
HPRegen 0.15/turn               (no ring)
MPRegen 0.09/turn               (no ring)

@: lethally poisoned (0 -> -8), on berserk cooldown, slowed, very slow
A: horns 2, retaliatory headbutt
a: Renounce Religion, Berserk, Trog's Hand


You were on level 4 of the Dungeon.
You worshipped Trog.
Trog was pleased with you.
You visited 1 branch of the dungeon, and saw 4 of its levels.

You collected 166 gold pieces.

Inventory:

Hand Weapons
 a - a +0 falchion (weapon)
Missiles
 n - 5 silver javelins (quivered)
 r - 2 silver boomerangs
Armour
 c - a +0 ring mail (worn)
Scrolls
 d - a scroll of fog {unknown}
 e - a scroll of enchant weapon {unknown}
 g - a scroll of brand weapon {unknown}
 h - 2 scrolls of torment
 i - a scroll of identify {unknown}
 l - 2 scrolls of blinking {unknown}
 m - 2 scrolls of teleportation {unknown}
 o - a scroll of fear {unknown}
 q - a scroll of enchant armour {unknown}
 s - a scroll of magic mapping {unknown}
Potions
 b - a potion of curing {unknown}
 f - a potion of mutation {unknown}
 j - a potion of heal wounds {unknown}
 k - 2 potions of berserk rage {unknown}
 p - a potion of haste {unknown}


   Skills:
 + Level 4.8 Fighting
 + Level 4.8 Long Blades
 + Level 3.9 Armour
 + Level 3.6 Dodging


You had 4 spell levels left.
You didn't know any spells.
Your spell library was empty.

Dungeon Overview and Level Annotations

Branches:
Dungeon (4/15)             Temple (0/1) D:4

Altars:
Cheibriados

Shops:
D:1 [


Innate Abilities, Weirdness & Mutations

You have a pair of horns on your head.
You reflexively headbutt those who attack you in melee.


Message History

You miss the adder. Your headbutt misses the adder.
The adder bites you but does no damage.
You closely miss the adder. You headbutt the adder!
You kill the adder!
Trog accepts your kill.
You see here a scorpion corpse.
You feel a strong urge to attack something.
You feel your anger nearly subside.
You are no longer berserk.
You are exhausted.
You feel yourself slow down.
A scorpion comes into view.
Okay, then.
As you read the scroll labelled WOKKAD JALL, it crumbles to dust.
Your body is wracked with pain!
* * * LOW HITPOINT WARNING * * *
The scorpion convulses!
It was a scroll of torment.
You barely miss the scorpion.
The scorpion is moderately wounded.
The scorpion stings you.
* * * LOW HITPOINT WARNING * * *
You closely miss the scorpion. Your headbutt misses the scorpion.
The scorpion is moderately wounded.
The scorpion stings you but does no damage.
The scorpion stings you.
* * * LOW HITPOINT WARNING * * *
You hit the scorpion. Your headbutt misses the scorpion.
The scorpion is severely wounded.
The scorpion stings you but does no damage.
The scorpion barely misses you.
You hit the scorpion but do no damage.
The scorpion is severely wounded.
The scorpion stings you.
* * * LOW HITPOINT WARNING * * *
The scorpion stings you.
* * * LOW HITPOINT WARNING * * *
You are lethally poisoned!
The scorpion poisons you!
You closely miss the scorpion. Your headbutt misses the scorpion.
The scorpion is heavily wounded.
You die...

... .. ..
###. #.. #.#
#.#
##.#######
#..s@....# .
#####..#.# .
##..# ### .
#.†##≈≈♣ #+#
. #..'≈♣ ♣≈≈
. ##.#≈♣#♣≈♣
. ###♣≈♣≈♣#
. #♣#♣≈≈≈♣#
#≈♣#♣≈♣≈♣###


You could see a scorpion.

Vanquished Creatures
  A scorpion (D:4)
  A gnoll (D:1)
  5 adders
  2 worms
  2 endoplasms
  4 giant cockroaches
  6 hobgoblins
  3 jackals (D:1)
  3 quokkas
  6 ball pythons
  6 bats
  2 frilled lizards (D:2)
  11 goblins
  5 kobolds
  2 rats
59 creatures vanquished.

Notes
Turn   | Place    | Note
-------+----------+-------------------------------------------
     0 | D:1      | Ayyar the Minotaur Berserker began the quest for the Orb.
     0 | D:1      | Reached XP level 1. HP: 19/19 MP: 0/0
    90 | D:1      | Found Uvif's Armour Shoppe.
   116 | D:1      | Reached XP level 2. HP: 27/27 MP: 1/1
   540 | D:1      | Found a faded altar of an unknown god.
   614 | D:1      | Reached XP level 3. HP: 6/33 MP: 2/2
  1222 | D:2      | Reached ** piety under Trog
  1480 | D:2      | Reached XP level 4. HP: 28/40 MP: 3/3
  2245 | D:3      | Found a snail-covered altar of Cheibriados.
  2717 | D:4      | Found a staircase to the Ecumenical Temple.
  2722 | D:4      | Identified the +9 hunting sling of Frustration {freeze,
                  | rElec MP+9}
  2776 | D:4      | Noticed a scorpion
  2780 | D:4      | Killed a scorpion
  2781 | D:4      | Reached XP level 5. HP: 27/47 MP: 4/4
  2798 | D:4      | Succumbed to a scorpion's poison

Illustrated notes

Levels and vault maps discovered:
D:1:      minmay_arrival_solitary_statue, layout_loops_ring, serial_shops, shop,
          hellmonk_ecumenical_altar_inner_sanctum
D:2:      layout_loops_ring
D:3:      layout_basic, lemuel_round_altar
D:4:      layout_basic, temple_pool_b, nicolae_ossuary_entry_monument,
          saegor_snake_ambush

Skill      XL: |  1  2  3 |
---------------+----------+-----
Long Blades    | 4 |  4.8
Fighting       | 4 |  4.8
Armour         | 3 |  3.9
Dodging        | 3 |  3.6

Action                   |  1- 3 |  4- 6 || total
-------------------------+-------+-------++-------
Melee: Falchion          |    87 |    50 ||   137
       Headbutt          |     9 |     4 ||    13
       Punch             |     2 |     1 ||     3
Invok: Berserk           |       |     1 ||     1
  Use: Scroll            |       |     1 ||     1
Armor: Animal skin       |     5 |       ||     5
       Ring mail         |    32 |    14 ||    46
Dodge: Dodged            |    38 |    28 ||    66
